AoeStats
← Mendez_AxS

Arabia

508751856Analyzed
2v2 RM · 9d ago on Sep 23, 2026· 111m 45s· 4 players
Game mode
Random Map
Map size
Medium (4 player)
Population
200
Speed
Normal
Resources
Standard
Victory
Conquest
Starting age
Dark Age
Ending age
Imperial Age
RankedLock teamsTeams togetherTeam positionsShared explorationLock speedFull tech treeHidden civsTurbo modeCheats
Victory
Defeat
🇯🇵 Poles · Japan
731
+13
🇨🇱 Byzantines · Chile
712
+15
🇺🇸 Teutons · United States
679
-14
🇲🇽 Sicilians · Mexico
669
-14
gabhiso
10:26 Feudal Age
13:03 Horse Collar
13:09 Double-Bit Axe
17:45 Fletching
20:35 Arson
21:44 Wheelbarrow
29:16 Castle Age
30:06 Gold Mining
30:09 Stone Mining
31:18 Bow Saw
31:44 Gold Shaft Mining
31:48 Stone Shaft Mining
31:14 Heavy Plow
31:24 Thumb Ring
30:40 Elite Skirmisher
31:51 Hand Cart
31:24 Loom
32:26 Bodkin Arrow
31:53 Crossbowman
32:43 Squires
32:28 Gambesons
32:04 Pikeman
33:00 Padded Archer Armor
35:32 Ballistics
35:05 Treadmill Crane
38:06 Imperial Age
39:50 Leather Archer Armor
39:46 Forging
39:38 Scale Mail Armor
39:44 Scale Barding Armor
41:25 Conscription
40:26 Elite Cataphract
42:30 Chemistry
42:42 Iron Casting
42:02 Halberdier
43:01 Bracer
45:41 Two-Man Saw
45:14 Crop Rotation
45:07 Chain Barding Armor
45:17 Ring Archer Armor
46:00 Logistica
47:11 Plate Barding Armor
46:12 Arbalester
49:21 Chain Mail Armor
57:57 Bombard Tower
68:33 Husbandry
85:59 Onager
MathKing777
4:08 Loom
10:55 Feudal Age
11:26 Double-Bit Axe
11:28 Horse Collar
13:27 Wheelbarrow
16:17 Man-at-Arms
17:46 Forging
17:37 Scale Mail Armor
17:26 Arson
23:35 Castle Age
22:02 Gold Mining
22:16 Stone Mining
24:52 Bow Saw
24:45 Heavy Plow
25:40 Stone Shaft Mining
25:55 Iron Casting
25:36 Chain Mail Armor
25:12 Fletching
26:14 Husbandry
26:17 Squires
25:42 Long Swordsman
27:58 Hand Cart
28:08 Bloodlines
28:38 Light Cavalry
29:20 Bodkin Arrow
29:31 Scale Barding Armor
30:05 Treadmill Crane
30:21 Murder Holes
30:47 Ballistics
31:14 Chain Barding Armor
32:02 Szlachta Privileges
34:33 Town Watch
39:12 Imperial Age
41:16 Conscription
42:05 Blast Furnace
41:35 Plate Mail Armor
41:07 Bracer
42:44 Cavalier
43:51 Lechitic Legacy
43:52 Winged Hussar
46:16 Crop Rotation
48:23 Padded Archer Armor
49:42 Chemistry
48:53 Masonry
48:23 Elite Obuch
54:31 Hoardings
55:04 Siege Engineers
57:40 Coinage
60:03 Banking
71:07 Leather Archer Armor
71:21 Thumb Ring
71:15 Onager
71:40 Heavy Mounted Crossbowman
78:58 Caravan
106:59 Capped Ram
108:00 Siege Ram
Mendez_AxS
2:29 Loom
12:34 Feudal Age
21:50 Wheelbarrow
28:30 Castle Age
28:26 Fletching
31:38 Scale Barding Armor
32:34 Ballistics
36:24 Imperial Age
33:44 Double-Bit Axe
33:45 Horse Collar
35:55 Hand Cart
35:36 Gold Mining
35:36 Stone Mining
35:50 Scale Mail Armor
37:28 Town Watch
38:05 Cavalier
40:53 Chemistry
41:05 Conscription
42:39 Murder Holes
44:27 Pikeman
45:14 Halberdier
49:00 Forging
49:06 Chain Mail Armor
49:11 Chain Barding Armor
49:18 Elite Serjeant
53:19 Plate Mail Armor
53:25 Iron Casting
58:52 Bow Saw
61:34 Blast Furnace
64:33 Gold Shaft Mining
64:45 Squires
64:31 Arson
66:55 First Crusade
68:20 Heavy Scorpion
88:57 Light Cavalry
Gracious__Buds
5:59 Loom
13:19 Feudal Age
14:52 Wheelbarrow
14:01 Horse Collar
14:57 Double-Bit Axe
15:19 Gold Mining
15:26 Stone Mining
23:42 Castle Age
23:01 Fletching
23:13 Scale Mail Armor
23:24 Forging
24:44 Hand Cart
24:35 Heavy Plow
24:50 Bow Saw
26:56 Stone Shaft Mining
28:13 Ballistics
29:32 Guard Tower
30:49 Fortified Wall
33:19 Imperial Age
30:54 Bodkin Arrow
31:16 Chain Mail Armor
32:54 Masonry
33:28 Iron Casting
35:10 Two-Man Saw
34:43 Crop Rotation
35:19 Crenellations
36:47 Chemistry
35:34 Arrowslits
38:42 Conscription
41:03 Hoardings
41:04 Plate Mail Armor
41:35 Blast Furnace
41:58 Elite Teutonic Knight
43:24 Ironclad
60:44 Pikeman
61:10 Gambesons
61:25 Squires
64:50 Halberdier
91:59 Coinage
91:32 Caravan
91:43 Guilds
101:57 Man-at-Arms
106:43 Long Swordsman
107:13 Arson
Connection lost

Rejoining the realm…

Still unreachable

The connection could not be restored.

Session expired

The server has moved on; the page needs a fresh start.